TAMPA BAY Lightning vs NEW YORK Rangers

Created - 31 janvier 2019 at 16:37

Goals
1 2 3 T
TAMPA BAY Lightning 1 0 2 3
NEW YORK Rangers 2 2 3 7
Shots
1 2 3 T
TAMPA BAY Lightning 11 4 9 24
NEW YORK Rangers 15 17 13 45

1st period

1. NEW YORK Rangers , Josh Bailey 16 (Brayden Schenn 27, Leon Draisaitl 25) at 1:56
2. NEW YORK Rangers , Leon Draisaitl 20 (Brayden Schenn 28) at 11:33
3. TAMPA BAY Lightning , Jeff Carter 15 (Robert Hagg 5, Cory Schneider) at 13:20

Penalties :
Brandon Manning (NYR) for Hooking (Minor) at 4:27, Robert Hagg (TBL) for Hooking (Minor) at 17:46

2nd period

4. NEW YORK Rangers , Josh Bailey 17 (Tyler Myers 27, Leon Draisaitl 26) at 0:22
5. NEW YORK Rangers , Leon Draisaitl 21 (Justin Faulk 14, Antti Raanta) at 4:58 (PP)

Penalties :
Brandon Davidson (TBL) for Unsportsmanlike conduct (Minor) at 4:36, Michael Del Zotto (NYR) for Slashing (Minor) at 11:17, Brandon Davidson (TBL) for Holding (Minor) at 19:09

3rd period

6. NEW YORK Rangers , Michael Grabner 14 (Michael Del Zotto 20, Mats Zuccarello 33) at 0:58 (PP)
7. TAMPA BAY Lightning , Conor Sheary 11 (Mikael Backlund 24) at 3:14 (PP)
8. NEW YORK Rangers , Nate Thompson 2 (Frans Nielsen 14, Justin Faulk 15) at 7:54
9. NEW YORK Rangers , Mats Zuccarello 7 (Nico Hischier 19, Michael Grabner 15) at 11:42
10. TAMPA BAY Lightning , Luca Sbisa 6 (Patrick Eaves 9, Cory Schneider) at 13:25 (PP)

Penalties :
Michael Del Zotto (NYR) for Hooking (Minor) at 2:00, Brayden Schenn (NYR) for Elbowing (Minor) at 13:14, Robert Hagg (TBL) for Hooking (Minor) at 16:18

Goalie Stats

Cory Schneider (TBL), 38 saves from 45 shots - (0,844), L, 16-13-5, 60:00 minutes
Antti Raanta (NYR), 21 saves from 24 shots - (0,875), W, 24-13-5, 60:00 minutes

Players Stats for TAMPA BAY Lightning

Player Name              G  A  P  +/- PIM S  H  SB GA TA FO     MP     PP MP  PK MP  
------------------------------------------------------------------------------------
Alex Iafallo             0  0  0  -1  0   1  0  0  0  0  6/20   13:02   0:00   2:41 
Bobby Ryan               0  0  0   0  0   1  0  1  0  0  1/2    18:37   2:07   0:00 
Brady Skjei              0  0  0  -2  0   1  3  2  0  0  0/0    22:45   3:19   3:35 
Brandon Carlo            0  0  0  -1  0   1  2  2  0  0  0/0    19:52   2:04   3:35 
Brandon Davidson         0  0  0   0  4   0  2  4  0  0  0/0    14:28   0:00   0:00 
Cedric Paquette          0  0  0  -1  0   0  1  0  0  0  2/5     8:59   0:00   4:59 
Conor Sheary             1  0  1   0  0   3  1  0  0  0  1/1    18:37   2:07   0:00 
Daniel Carr              0  0  0  -1  0   1  0  0  0  0  0/0     4:00   0:00   0:00 
Danton Heinen            0  0  0  -1  0   0  0  0  0  0  0/1    10:28   0:00   0:07 
David Backes             0  0  0  -2  0   3  3  0  0  0  0/2    21:52   3:16   0:59 
Dylan DeMelo             0  0  0   0  0   0  1  2  0  0  0/0    18:17   2:04   2:34 
Jeff Carter              1  0  1  -2  0   5  1  1  0  0  21/43  24:25   3:16   3:32 
John Hayden              0  0  0  -1  0   0  2  0  0  0  0/0    10:21   0:00   0:00 
Luca Sbisa               1  0  1  -3  0   3  0  5  0  0  0/0    25:38   3:19   2:34 
Mikael Backlund          0  1  1   0  0   1  0  0  0  0  21/27  18:37   2:07   0:00 
Patrick Eaves            0  1  1  -2  0   2  1  0  0  0  0/0    20:53   3:16   0:00 
Robert Hagg              0  1  1  -2  4   1  5  0  0  0  0/0    18:56   0:00   0:00 
William Carrier          0  0  0  -1  0   1  0  0  0  0  0/0     4:00   0:00   0:00 

Players Stats for NEW YORK Rangers

Player Name              G  A  P  +/- PIM S  H  SB GA TA FO     MP     PP MP  PK MP  
------------------------------------------------------------------------------------
Brandon Manning          0  0  0   2  2   0  2  2  0  0  0/0    12:32   0:00   0:00 
Brayden Schenn           0  2  2   2  2   4  4  1  0  0  7/8    22:59   3:12   0:00 
Carl Soderberg           0  0  0   0  0   1  0  0  0  0  0/0     8:48   0:00   0:00 
Frans Nielsen            0  1  1   1  0   1  0  0  0  0  8/15    8:01   0:00   2:47 
Garnet Hathaway          0  0  0   1  0   0  2  0  0  0  0/1     5:14   0:00   0:00 
Josh Bailey              2  0  2   2  0   6  1  1  0  0  2/2    23:00   3:12   0:00 
Justin Faulk             0  2  2   1  0   2  3  0  0  0  0/0    23:41   3:43   2:47 
Leon Draisaitl           2  2  4   2  0   6  0  0  0  0  14/26  23:00   3:12   0:00 
Mats Zuccarello          1  1  2   1  0   2  2  0  0  0  1/3    17:35   2:57   0:00 
Michael Del Zotto        0  1  1   1  4   1  3  2  0  0  0/0    22:27   2:26   1:19 
Michael Grabner          1  1  2   1  0   5  1  0  0  0  0/1    20:22   2:57   2:47 
Michael Stone            0  0  0   1  0   1  1  2  0  0  0/0    19:50   0:00   2:39 
Mikhail Sergachev        0  0  0   2  0   1  0  0  0  0  0/0    13:50   0:00   1:17 
Nate Thompson            1  0  1   1  0   4  1  0  0  0  3/6     7:50   0:00   2:36 
Nico Hischier            0  1  1   1  0   4  1  0  0  0  8/25   17:35   2:57   0:00 
Ryan Dzingel             0  0  0   0  0   2  0  0  0  0  0/1    11:14   2:26   0:00 
Travis Zajac             0  0  0   0  0   2  0  0  0  0  6/13   11:24   0:00   2:36 
Tyler Myers              0  1  1   1  0   3  0  1  0  0  0/0    25:11   3:43   2:44 

3 Stars

1 - Leon Draisaitl (NYR)
2 - Josh Bailey (NYR)
3 - Mats Zuccarello (NYR)

Power Play

TAMPA BAY Lightning - 2 on 4 Attempt(s) - 50,00%
NEW YORK Rangers - 2 on 4 Attempt(s) - 50,00%

Penalty Kill

TAMPA BAY Lightning - 2 on 4 Attempt(s) - 50,00% - Score 0 goal in Penalty Kill
NEW YORK Rangers - 2 on 4 Attempt(s) - 50,00% - Score 0 goal in Penalty Kill

Team Stat

TAMPA BAY Lightning - Hits : 22 - Faceoff Wins : 52 - Blocked Shots : 17 - Penalty Minutes : 8
NEW YORK Rangers - Hits : 21 - Faceoff Wins : 49 - Blocked Shots : 9 - Penalty Minutes : 8

Official

Referees : Unknown
Linesman : Unknown

Game Notes

No Game Note

Finance

Level 1 -- Attendance: 4534 (75,57%) -- Ticket Income 453 400 $
Level 2 -- Attendance: 4475 (89,50%) -- Ticket Income 268 500 $
Level 3 -- Attendance: 2000 (100,00%) -- Ticket Income 70 000 $
Level 4 -- Attendance: 4000 (100,00%) -- Ticket Income 80 000 $
Luxury Box -- Attendance: 847 (84,70%) -- Ticket Income 169 400 $
Game was played at the Madison Square Garden.
Total Attendance: 15856 (88,09%)
Total Ticket Income: 1 041 300 $
Other Income: 406 107 $
Total Income: 1 447 407 $

TAMPA BAY Lightning

5 vs 5 Forward 
   Center                   Left Wing                Right Wing               Time % Phy DF OF 
 1 Jeff Carter              Patrick Eaves            David Backes             40     1   2  2  
 2 Mikael Backlund          Conor Sheary             Bobby Ryan               30     1   2  2  
 3 Alex Iafallo             Danton Heinen            John Hayden              20     1   2  2  
 4 Cedric Paquette          William Carrier          Daniel Carr              10     1   2  2  

5 vs 5 Defense 
   Defense                  Defense                                           Time % Phy DF OF 
 1 Luca Sbisa               Robert Hagg                                       40     1   2  2  
 2 Brandon Carlo            Brady Skjei                                       30     1   2  2  
 3 Dylan DeMelo             Brandon Davidson                                  20     1   2  2  
 4 Luca Sbisa               Brady Skjei                                       10     1   2  2  

PowerPlay Forward 
   Center                   Left Wing                Right Wing               Time % Phy DF OF 
 1 Jeff Carter              Patrick Eaves            David Backes             60     1   2  2  
 2 Mikael Backlund          Conor Sheary             Bobby Ryan               40     1   2  2  

PowerPlay Defense
   Defense                  Defense                                           Time % Phy DF OF 
 1 Luca Sbisa               Brady Skjei                                       60     1   2  2  
 2 Brandon Carlo            Dylan DeMelo                                      40     1   2  2  

Penalty Kill 4 Players Forward 
   Center                   Wing                     Time % Phy DF OF 
 1 Jeff Carter              Cedric Paquette          60     1   2  2  
 2 Jeff Carter              David Backes             40     1   2  2  

Penalty Kill 4 Players Defense
   Defense                  Defense                  Time % Phy DF OF 
 1 Luca Sbisa               Dylan DeMelo             60     1   2  2  
 2 Brandon Carlo            Brady Skjei              40     1   2  2  

Penalty Kill - 3 Players Forward 
   Forward                                           Time % Phy DF OF 
 1 Jeff Carter                                       60     1   2  2  
 2 David Backes                                      40     1   2  2  

Penalty Kill - 3 Players Defense
   Defense                  Defense                  Time % Phy DF OF 
 1 Luca Sbisa               Dylan DeMelo             60     1   2  2  
 2 Brandon Carlo            Brady Skjei              40     1   2  2  

4 vs 4 Forward 
   Center                   Wing                     Time % Phy DF OF 
 1 Jeff Carter              David Backes             60     1   2  2  
 2 Mikael Backlund          Bobby Ryan               40     1   2  2  

4 vs 4 Defense
   Defense                  Defense                  Time % Phy DF OF 
 1 Luca Sbisa               Brandon Davidson         60     1   2  2  
 2 Brandon Carlo            Brady Skjei              40     1   2  2  

Last Minutes Offensive
   Center                   Left Wing                Right Wing               Defense                  Defense                  
   Jeff Carter              Patrick Eaves            David Backes             Luca Sbisa               Robert Hagg              

Last Minutes Defensive
   Center                   Left Wing                Right Wing               Defense                  Defense                  
   Jeff Carter              Patrick Eaves            David Backes             Luca Sbisa               Robert Hagg              

Goaltenders
Starting : Cory Schneider           
Backup : James Reimer             

Extra Forwards
Normal : Alex Iafallo, Danton Heinen, Cedric Paquette - PP : Alex Iafallo, Danton Heinen - PK : Cedric Paquette
Extra Defensemen
Normal : Dylan DeMelo, Brandon Davidson, Brandon Carlo - PP : Dylan DeMelo - PK : Brandon Davidson, Brandon Carlo
Penalty Shots
Jeff Carter, David Backes, Mikael Backlund, Bobby Ryan, Patrick Eaves

NEW YORK Rangers

5 vs 5 Forward 
   Center                   Left Wing                Right Wing               Time % Phy DF OF 
 1 Leon Draisaitl           Josh Bailey              Brayden Schenn           40     0   2  3  
 2 Nico Hischier            Michael Grabner          Mats Zuccarello          30     0   2  3  
 3 Travis Zajac             Ryan Dzingel             Carl Soderberg           20     0   2  3  
 4 Frans Nielsen            Garnet Hathaway          Nate Thompson            10     2   2  1  

5 vs 5 Defense 
   Defense                  Defense                                           Time % Phy DF OF 
 1 Michael Del Zotto        Tyler Myers                                       35     1   2  2  
 2 Justin Faulk             Michael Stone                                     35     1   2  2  
 3 Brandon Manning          Mikhail Sergachev                                 20     1   2  2  
 4 Michael Del Zotto        Tyler Myers                                       10     1   2  2  

PowerPlay Forward 
   Center                   Left Wing                Right Wing               Time % Phy DF OF 
 1 Brayden Schenn           Josh Bailey              Leon Draisaitl           70     0   1  4  
 2 Nico Hischier            Mats Zuccarello          Michael Grabner          30     0   2  3  

PowerPlay Defense
   Defense                  Defense                                           Time % Phy DF OF 
 1 Justin Faulk             Tyler Myers                                       80     0   1  4  
 2 Michael Del Zotto        Ryan Dzingel                                      20     0   2  3  

Penalty Kill 4 Players Forward 
   Center                   Wing                     Time % Phy DF OF 
 1 Nate Thompson            Travis Zajac             50     1   2  2  
 2 Frans Nielsen            Michael Grabner          50     1   2  2  

Penalty Kill 4 Players Defense
   Defense                  Defense                  Time % Phy DF OF 
 1 Michael Del Zotto        Tyler Myers              50     1   2  2  
 2 Justin Faulk             Michael Stone            50     1   2  2  

Penalty Kill - 3 Players Forward 
   Forward                                           Time % Phy DF OF 
 1 Travis Zajac                                      50     1   2  2  
 2 Frans Nielsen                                     50     1   2  2  

Penalty Kill - 3 Players Defense
   Defense                  Defense                  Time % Phy DF OF 
 1 Michael Stone            Tyler Myers              50     1   2  2  
 2 Justin Faulk             Michael Del Zotto        50     1   2  2  

4 vs 4 Forward 
   Center                   Wing                     Time % Phy DF OF 
 1 Leon Draisaitl           Brayden Schenn           50     1   2  2  
 2 Nico Hischier            Josh Bailey              50     1   2  2  

4 vs 4 Defense
   Defense                  Defense                  Time % Phy DF OF 
 1 Michael Del Zotto        Tyler Myers              60     1   2  2  
 2 Justin Faulk             Michael Stone            40     1   2  2  

Last Minutes Offensive
   Center                   Left Wing                Right Wing               Defense                  Defense                  
   Brayden Schenn           Josh Bailey              Leon Draisaitl           Michael Del Zotto        Tyler Myers              

Last Minutes Defensive
   Center                   Left Wing                Right Wing               Defense                  Defense                  
   Brayden Schenn           Josh Bailey              Leon Draisaitl           Michael Del Zotto        Tyler Myers              

Goaltenders
Starting : Antti Raanta             
Backup : Philipp Grubauer         

Extra Forwards
Normal : Nico Hischier, Frans Nielsen, Ryan Dzingel - PP : Nico Hischier, Frans Nielsen - PK : Ryan Dzingel
Extra Defensemen
Normal : Tyler Myers, Mikhail Sergachev, Justin Faulk - PP : Michael Del Zotto - PK : Mikhail Sergachev, Justin Faulk
Penalty Shots
Michael Grabner, Leon Draisaitl, Brayden Schenn, Justin Faulk, Ryan Dzingel


% Time on Ice - TAMPA BAY Lightning

Lines # - Real PCT - Wanted PCT - Time Play
Normal Forward
1 - 36% - 40% - 17:37
2 - 34% - 30% - 16:30
3 - 21% - 20% - 10:21
4 - 8% - 10% - 4:00
Normal Defense
1 - 39% - 40% - 18:58
2 - 29% - 30% - 14:13
3 - 28% - 20% - 13:39
4 - 3% - 10% - 1:38
PP Forward
1 - 61% - 60% - 3:16
2 - 39% - 40% - 2:07
PP Defense
1 - 62% - 60% - 3:19
2 - 38% - 40% - 2:04
PK Forward
1 - 84% - 60% - 5:10
2 - 16% - 40% - 0:59
PK Defense
1 - 42% - 60% - 2:34
2 - 58% - 40% - 3:35
PK3 Forward
1 - 0% - 60%
2 - 0% - 40%
PK3 Defense
1 - 0% - 60%
2 - 0% - 40%
44 Forward
1 - 0% - 60%
2 - 0% - 40%
44 Defense
1 - 0% - 60%
2 - 0% - 40%
Last Minute Offensive  - 0:00
Last Minute Defensive  - 0:00
Total
Forward - 60:00
Defense - 60:00

% Time on Ice - NEW YORK Rangers

Lines # - Real PCT - Wanted PCT - Time Play
Normal Forward
1 - 41% - 40% - 19:48
2 - 30% - 30% - 14:38
3 - 18% - 20% - 8:48
4 - 11% - 10% - 5:14
Normal Defense
1 - 34% - 35% - 16:38
2 - 35% - 35% - 17:11
3 - 26% - 20% - 12:33
4 - 4% - 10% - 2:06
PP Forward
1 - 52% - 70% - 3:12
2 - 48% - 30% - 2:57
PP Defense
1 - 60% - 80% - 3:43
2 - 40% - 20% - 2:26
PK Forward
1 - 48% - 50% - 2:36
2 - 52% - 50% - 2:47
PK Defense
1 - 51% - 50% - 2:44
2 - 49% - 50% - 2:39
PK3 Forward
1 - 0% - 50%
2 - 0% - 50%
PK3 Defense
1 - 0% - 50%
2 - 0% - 50%
44 Forward
1 - 0% - 50%
2 - 0% - 50%
44 Defense
1 - 0% - 60%
2 - 0% - 40%
Last Minute Offensive  - 0:00
Last Minute Defensive  - 0:00
Total
Forward - 60:00
Defense - 60:00

Play-by-Play

1st period


0:01 of 1st period - Leon Draisaitl wins face-off versus Jeff Carter in neutral zone.
0:08 of 1st period - Shot by Leon Draisaitl.
0:08 of 1st period - Stopped by Cory Schneider without a rebound.
0:09 of 1st period - Bobby Ryan wins face-off versus Mats Zuccarello in TAMPA BAY Lightning zone.
0:09 of 1st period - Bobby Ryan is hit by Michael Grabner.
0:14 of 1st period - Conor Sheary is hit by Mats Zuccarello and loses puck.
1:15 of 1st period - Off-side.
1:16 of 1st period - Travis Zajac wins face-off versus Alex Iafallo in neutral zone.
1:24 of 1st period - Icing by Dylan DeMelo.
1:25 of 1st period - Frans Nielsen wins face-off versus Alex Iafallo in TAMPA BAY Lightning zone.
1:26 of 1st period - Shot by Michael Del Zotto.
1:26 of 1st period - Shot Misses the Net.
1:40 of 1st period - Shot by Nate Thompson.
1:40 of 1st period - Stopped by Cory Schneider without a rebound.
1:41 of 1st period - Leon Draisaitl wins face-off versus David Backes in TAMPA BAY Lightning zone.
1:54 of 1st period - Shot by Brayden Schenn.
1:54 of 1st period - Shot Misses the Net.
1:56 of 1st period - Shot by Josh Bailey.
1:56 of 1st period - Goal by Josh Bailey - TAMPA BAY Lightning : 0 - NEW YORK Rangers : 1.
1:57 of 1st period - Travis Zajac wins face-off versus Cedric Paquette in neutral zone.
2:20 of 1st period - Shot by Travis Zajac.
2:20 of 1st period - Shot Misses the Net.
2:33 of 1st period - Shot by Carl Soderberg.
2:33 of 1st period - Shot Misses the Net.
2:55 of 1st period - Josh Bailey is hit by Cedric Paquette.
3:15 of 1st period - Shot by Leon Draisaitl.
3:15 of 1st period - Shot Misses the Net.
3:17 of 1st period - Shot by Michael Stone.
3:17 of 1st period - Shot Blocked by Brandon Davidson.
3:19 of 1st period - Shot by Michael Stone.
3:19 of 1st period - Stopped by Cory Schneider without a rebound.
3:20 of 1st period - Jeff Carter wins face-off versus Nico Hischier in TAMPA BAY Lightning zone.
3:20 of 1st period - Jeff Carter is hit by Nico Hischier.
3:31 of 1st period - Mats Zuccarello is hit by Robert Hagg and loses puck.
3:41 of 1st period - Shot by Patrick Eaves.
3:41 of 1st period - Shot Misses the Net.
3:44 of 1st period - Jeff Carter is hit by Brandon Manning and loses puck.
3:53 of 1st period - Brandon Manning is hit by Patrick Eaves and loses puck.
4:14 of 1st period - Icing by Mats Zuccarello.
4:15 of 1st period - Alex Iafallo wins face-off versus Nico Hischier in NEW YORK Rangers zone.
4:25 of 1st period - Icing by Brandon Manning.
4:26 of 1st period - Mikael Backlund wins face-off versus Nico Hischier in NEW YORK Rangers zone.
4:26 of 1st period - Mikael Backlund is hit by Brandon Manning.
4:27 of 1st period - Minor Penalty to Brandon Manning for Hooking.
4:28 of 1st period - Mikael Backlund wins face-off versus Nate Thompson in NEW YORK Rangers zone.
4:29 of 1st period - Shot by Conor Sheary.
4:29 of 1st period - Shot Misses the Net.
4:39 of 1st period - Shot by Brady Skjei.
4:39 of 1st period - Shot Misses the Net.
4:41 of 1st period - Shot by Luca Sbisa.
4:41 of 1st period - Stopped by Antti Raanta without a rebound.
4:42 of 1st period - Jeff Carter wins face-off versus Frans Nielsen in NEW YORK Rangers zone.
4:42 of 1st period - Jeff Carter is hit by Justin Faulk.
4:44 of 1st period - Shot by Patrick Eaves.
4:44 of 1st period - Stopped by Antti Raanta without a rebound.
4:45 of 1st period - Jeff Carter wins face-off versus Nate Thompson in NEW YORK Rangers zone.
5:11 of 1st period - Shot by Jeff Carter.
5:11 of 1st period - Shot Blocked by Michael Del Zotto.
5:13 of 1st period - Shot by Brandon Carlo.
5:13 of 1st period - Shot Misses the Net.
5:55 of 1st period - Shot by Brady Skjei.
5:55 of 1st period - Stopped by Antti Raanta without a rebound.
5:56 of 1st period - Frans Nielsen wins face-off versus Mikael Backlund in NEW YORK Rangers zone.
6:02 of 1st period - Icing by Brady Skjei.
6:03 of 1st period - Mikael Backlund wins face-off versus Frans Nielsen in TAMPA BAY Lightning zone.
7:03 of 1st period - Alex Iafallo is hit by Justin Faulk.
7:23 of 1st period - Shot by Jeff Carter.
7:23 of 1st period - Stopped by Antti Raanta without a rebound.
7:24 of 1st period - Frans Nielsen wins face-off versus Mikael Backlund in NEW YORK Rangers zone.
7:50 of 1st period - Shot by Nate Thompson.
7:50 of 1st period - Shot Misses the Net.
7:52 of 1st period - Shot by Garnet Hathaway.
7:52 of 1st period - Deflect By Frans Nielsen.
7:52 of 1st period - Stopped by Cory Schneider without a rebound.
7:53 of 1st period - Jeff Carter wins face-off versus Travis Zajac in TAMPA BAY Lightning zone.
8:02 of 1st period - Shot by Jeff Carter.
8:02 of 1st period - Stopped by Antti Raanta without a rebound.
8:03 of 1st period - Leon Draisaitl wins face-off versus Jeff Carter in NEW YORK Rangers zone.
8:14 of 1st period - Shot by Leon Draisaitl.
8:14 of 1st period - Shot Blocked by Brandon Davidson.
8:41 of 1st period - Icing by Justin Faulk.
8:42 of 1st period - Leon Draisaitl wins face-off versus Bobby Ryan in NEW YORK Rangers zone.
8:47 of 1st period - Shot by Leon Draisaitl.
8:47 of 1st period - Shot Misses the Net.
8:49 of 1st period - Shot by Justin Faulk.
8:49 of 1st period - Shot Misses the Net.
10:53 of 1st period - Shot by Patrick Eaves.
10:53 of 1st period - Deflect By Jeff Carter.
10:53 of 1st period - Shot Misses the Net.
11:02 of 1st period - Icing by Brandon Manning.
11:03 of 1st period - Mikael Backlund wins face-off versus Ryan Dzingel in NEW YORK Rangers zone.
11:12 of 1st period - Shot by Luca Sbisa.
11:12 of 1st period - Stopped by Antti Raanta without a rebound.
11:13 of 1st period - Frans Nielsen wins face-off versus Mikael Backlund in NEW YORK Rangers zone.
11:13 of 1st period - Frans Nielsen is hit by Conor Sheary.
11:23 of 1st period - Shot by Frans Nielsen.
11:23 of 1st period - Deflect By Nate Thompson.
11:23 of 1st period - Shot Misses the Net.
11:25 of 1st period - Shot by Nate Thompson.
11:25 of 1st period - Stopped by Cory Schneider without a rebound.
11:26 of 1st period - Josh Bailey wins face-off versus Alex Iafallo in TAMPA BAY Lightning zone.
11:29 of 1st period - Shot by Justin Faulk.
11:29 of 1st period - Stopped by Cory Schneider without a rebound.
11:30 of 1st period - Leon Draisaitl wins face-off versus Jeff Carter in TAMPA BAY Lightning zone.
11:33 of 1st period - Shot by Leon Draisaitl.
11:33 of 1st period - Goal by Leon Draisaitl - TAMPA BAY Lightning : 0 - NEW YORK Rangers : 2.
11:34 of 1st period - Leon Draisaitl wins face-off versus Jeff Carter in neutral zone.
11:53 of 1st period - Shot by David Backes.
11:53 of 1st period - Stopped by Antti Raanta with a rebound.
11:55 of 1st period - Shot by David Backes.
11:55 of 1st period - Shot Misses the Net.
11:57 of 1st period - Shot by Robert Hagg.
11:57 of 1st period - Shot Blocked by Tyler Myers.
11:59 of 1st period - Shot by Jeff Carter.
11:59 of 1st period - Shot Blocked by Josh Bailey.
12:01 of 1st period - Shot by Robert Hagg.
12:01 of 1st period - Stopped by Antti Raanta without a rebound.
12:02 of 1st period - Mikael Backlund wins face-off versus Nico Hischier in NEW YORK Rangers zone.
12:03 of 1st period - Shot by Conor Sheary.
12:03 of 1st period - Stopped by Antti Raanta without a rebound.
12:04 of 1st period - Mikael Backlund wins face-off versus Nico Hischier in NEW YORK Rangers zone.
12:10 of 1st period - Nico Hischier is hit by Brandon Carlo.
12:24 of 1st period - Shot by Nico Hischier.
12:24 of 1st period - Stopped by Cory Schneider with a rebound.
13:01 of 1st period - Icing by Justin Faulk.
13:02 of 1st period - Jeff Carter wins face-off versus Michael Grabner in NEW YORK Rangers zone.
13:05 of 1st period - Shot by Patrick Eaves.
13:05 of 1st period - Shot Blocked by Michael Stone.
13:20 of 1st period - Shot by Jeff Carter.
13:20 of 1st period - Goal by Jeff Carter - TAMPA BAY Lightning : 1 - NEW YORK Rangers : 2.
13:21 of 1st period - Leon Draisaitl wins face-off versus Alex Iafallo in neutral zone.
13:44 of 1st period - Shot by Alex Iafallo.
13:44 of 1st period - Stopped by Antti Raanta without a rebound.
13:45 of 1st period - Travis Zajac wins face-off versus Jeff Carter in NEW YORK Rangers zone.
14:06 of 1st period - Shot by Carl Soderberg.
14:06 of 1st period - Deflect By Ryan Dzingel.
14:06 of 1st period - Shot Misses the Net.
14:53 of 1st period - Shot by Josh Bailey.
14:53 of 1st period - Stopped by Cory Schneider without a rebound.
14:54 of 1st period - Frans Nielsen wins face-off versus Mikael Backlund in TAMPA BAY Lightning zone.
15:05 of 1st period - Shot by Mikael Backlund.
15:05 of 1st period - Shot Misses the Net.
15:08 of 1st period - Icing by Michael Stone.
15:09 of 1st period - Frans Nielsen wins face-off versus Alex Iafallo in NEW YORK Rangers zone.
15:09 of 1st period - Frans Nielsen is hit by John Hayden.
15:44 of 1st period - Icing by Dylan DeMelo.
15:45 of 1st period - Leon Draisaitl wins face-off versus Alex Iafallo in TAMPA BAY Lightning zone.
15:48 of 1st period - Shot by Brayden Schenn.
15:48 of 1st period - Stopped by Cory Schneider without a rebound.
15:49 of 1st period - Mikael Backlund wins face-off versus Leon Draisaitl in TAMPA BAY Lightning zone.
15:49 of 1st period - Mikael Backlund is hit by Brayden Schenn.
15:52 of 1st period - Conor Sheary is hit by Josh Bailey and loses puck.
16:22 of 1st period - Leon Draisaitl is hit by Brady Skjei and loses puck.
16:25 of 1st period - Shot by Michael Del Zotto.
16:25 of 1st period - Stopped by Cory Schneider without a rebound.
16:26 of 1st period - Jeff Carter wins face-off versus Nico Hischier in TAMPA BAY Lightning zone.
16:56 of 1st period - Nico Hischier is hit by Robert Hagg and loses puck.
17:16 of 1st period - Nico Hischier is hit by Jeff Carter.
17:46 of 1st period - Shot by Brayden Schenn.
17:46 of 1st period - Stopped by Cory Schneider without a rebound.
17:46 of 1st period - Minor Penalty to Robert Hagg for Hooking.
17:47 of 1st period - Brayden Schenn wins face-off versus Alex Iafallo in TAMPA BAY Lightning zone.
18:06 of 1st period - Shot by Brayden Schenn.
18:06 of 1st period - Stopped by Cory Schneider without a rebound.
18:07 of 1st period - Nico Hischier wins face-off versus Alex Iafallo in TAMPA BAY Lightning zone.
18:35 of 1st period - Michael Grabner is hit by Brady Skjei and loses puck.
18:57 of 1st period - Leon Draisaitl is hit by Brady Skjei and loses puck.
19:10 of 1st period - Shot by Ryan Dzingel.
19:10 of 1st period - Shot Misses the Net.
19:12 of 1st period - Shot by Josh Bailey.
19:12 of 1st period - Stopped by Cory Schneider without a rebound.
19:13 of 1st period - Brayden Schenn wins face-off versus Jeff Carter in TAMPA BAY Lightning zone.
19:14 of 1st period - Shot by Leon Draisaitl.
19:14 of 1st period - Shot Blocked by Dylan DeMelo.
19:16 of 1st period - Shot by Justin Faulk.
19:16 of 1st period - Shot Blocked by Luca Sbisa.
19:18 of 1st period - Shot by Justin Faulk.
19:18 of 1st period - Shot Blocked by Dylan DeMelo.
19:20 of 1st period - Shot by Tyler Myers.
19:20 of 1st period - Shot Misses the Net.
19:39 of 1st period - Shot by Leon Draisaitl.
19:39 of 1st period - Shot Blocked by Luca Sbisa.
19:41 of 1st period - Shot by Brayden Schenn.
19:41 of 1st period - Shot Misses the Net.
Goals for this period are 1 for TAMPA BAY Lightning vs 2 for NEW YORK Rangers.
Shots for this period are 11 for TAMPA BAY Lightning vs 15 for NEW YORK Rangers.

2nd period


0:01 of 2nd period - Jeff Carter wins face-off versus Leon Draisaitl in neutral zone.
0:22 of 2nd period - Shot by Josh Bailey.
0:22 of 2nd period - Goal by Josh Bailey - TAMPA BAY Lightning : 1 - NEW YORK Rangers : 3.
0:23 of 2nd period - Mikael Backlund wins face-off versus Travis Zajac in neutral zone.
0:41 of 2nd period - Icing by Brandon Manning.
0:42 of 2nd period - Jeff Carter wins face-off versus Travis Zajac in NEW YORK Rangers zone.
1:07 of 2nd period - Shot by David Backes.
1:07 of 2nd period - Shot Misses the Net.
1:09 of 2nd period - Shot by Jeff Carter.
1:09 of 2nd period - Shot Blocked by Brandon Manning.
1:11 of 2nd period - Shot by Jeff Carter.
1:11 of 2nd period - Shot Blocked by Brandon Manning.
1:40 of 2nd period - Icing by Luca Sbisa.
1:41 of 2nd period - Mikael Backlund wins face-off versus Leon Draisaitl in TAMPA BAY Lightning zone.
2:00 of 2nd period - Shot by Josh Bailey.
2:00 of 2nd period - Stopped by Cory Schneider without a rebound.
2:01 of 2nd period - Alex Iafallo wins face-off versus Nico Hischier in TAMPA BAY Lightning zone.
2:16 of 2nd period - Dylan DeMelo is hit by Mats Zuccarello and loses puck.
2:24 of 2nd period - Icing by Brandon Davidson.
2:25 of 2nd period - Leon Draisaitl wins face-off versus Alex Iafallo in TAMPA BAY Lightning zone.
2:27 of 2nd period - Brayden Schenn is hit by Brandon Davidson and loses puck.
2:36 of 2nd period - Shot by Dylan DeMelo.
2:36 of 2nd period - Shot Misses the Net.
3:42 of 2nd period - Icing by Luca Sbisa.
3:43 of 2nd period - Jeff Carter wins face-off versus Nico Hischier in TAMPA BAY Lightning zone.
4:27 of 2nd period - Off-side.
4:28 of 2nd period - Travis Zajac wins face-off versus Cedric Paquette in neutral zone.
4:31 of 2nd period - Shot by Travis Zajac.
4:31 of 2nd period - Stopped by Cory Schneider without a rebound.
4:32 of 2nd period - Mikael Backlund wins face-off versus Travis Zajac in TAMPA BAY Lightning zone.
4:36 of 2nd period - Minor Penalty to Brandon Davidson for Unsportsmanlike conduct.
4:37 of 2nd period - Brayden Schenn wins face-off versus Jeff Carter in TAMPA BAY Lightning zone.
4:54 of 2nd period - Shot by Justin Faulk.
4:54 of 2nd period - Shot Blocked by Brandon Carlo.
4:56 of 2nd period - Shot by Leon Draisaitl.
4:56 of 2nd period - Shot Blocked by Brady Skjei.
4:58 of 2nd period - Shot by Leon Draisaitl.
4:58 of 2nd period - The goal is going for a video replay.
4:58 of 2nd period - The goal is good.
4:58 of 2nd period - Goal by Leon Draisaitl - TAMPA BAY Lightning : 1 - NEW YORK Rangers : 4.
4:59 of 2nd period - Nico Hischier wins face-off versus Mikael Backlund in neutral zone.
5:04 of 2nd period - Shot by Mikhail Sergachev.
5:04 of 2nd period - Shot Hit the Post.
6:07 of 2nd period - Shot by Leon Draisaitl.
6:07 of 2nd period - Shot Misses the Net.
6:09 of 2nd period - Shot by Brayden Schenn.
6:09 of 2nd period - Stopped by Cory Schneider without a rebound.
6:10 of 2nd period - Jeff Carter wins face-off versus Travis Zajac in TAMPA BAY Lightning zone.
6:24 of 2nd period - Shot by Patrick Eaves.
6:24 of 2nd period - Shot Blocked by Michael Stone.
6:43 of 2nd period - Shot by Ryan Dzingel.
6:43 of 2nd period - Shot Blocked by Jeff Carter.
7:32 of 2nd period - Icing by Dylan DeMelo.
7:33 of 2nd period - Mats Zuccarello wins face-off versus Cedric Paquette in TAMPA BAY Lightning zone.
7:36 of 2nd period - Shot by Nico Hischier.
7:36 of 2nd period - Stopped by Cory Schneider without a rebound.
7:37 of 2nd period - Nico Hischier wins face-off versus Alex Iafallo in TAMPA BAY Lightning zone.
7:42 of 2nd period - Shot by Mats Zuccarello.
7:42 of 2nd period - Stopped by Cory Schneider without a rebound.
7:43 of 2nd period - Mikael Backlund wins face-off versus Leon Draisaitl in TAMPA BAY Lightning zone.
7:50 of 2nd period - Shot by Conor Sheary.
7:50 of 2nd period - Stopped by Antti Raanta without a rebound.
7:51 of 2nd period - Jeff Carter wins face-off versus Leon Draisaitl in NEW YORK Rangers zone.
8:20 of 2nd period - Shot by Jeff Carter.
8:20 of 2nd period - Shot Blocked by Brayden Schenn.
8:37 of 2nd period - Brayden Schenn is hit by David Backes and loses puck.
9:23 of 2nd period - Icing by Dylan DeMelo.
9:24 of 2nd period - Mikael Backlund wins face-off versus Nico Hischier in TAMPA BAY Lightning zone.
9:38 of 2nd period - Bobby Ryan is hit by Justin Faulk and loses puck.
9:56 of 2nd period - Nico Hischier is hit by Brandon Davidson and loses puck.
10:02 of 2nd period - Michael Grabner is hit by Dylan DeMelo and loses puck.
10:33 of 2nd period - Travis Zajac is hit by Brandon Carlo and loses puck.
10:38 of 2nd period - Shot by Ryan Dzingel.
10:38 of 2nd period - Shot Hit the Post.
10:40 of 2nd period - Shot by Travis Zajac.
10:40 of 2nd period - Stopped by Cory Schneider with a rebound.
10:54 of 2nd period - Shot by Mikhail Sergachev.
10:54 of 2nd period - Stopped by Cory Schneider without a rebound.
10:55 of 2nd period - Jeff Carter wins face-off versus Frans Nielsen in TAMPA BAY Lightning zone.
10:59 of 2nd period - David Backes is hit by Garnet Hathaway and loses puck.
11:17 of 2nd period - Minor Penalty to Michael Del Zotto for Slashing.
11:18 of 2nd period - Frans Nielsen wins face-off versus Jeff Carter in NEW YORK Rangers zone.
12:26 of 2nd period - Off-side.
12:27 of 2nd period - Nate Thompson wins face-off versus Jeff Carter in neutral zone.
12:30 of 2nd period - Shot by Travis Zajac.
12:30 of 2nd period - Deflect By Nate Thompson.
12:30 of 2nd period - Shot Misses the Net.
13:28 of 2nd period - Leon Draisaitl is hit by Robert Hagg and loses puck.
14:25 of 2nd period - William Carrier is hit by Brayden Schenn and loses puck.
14:33 of 2nd period - Shot by Cedric Paquette.
14:33 of 2nd period - Deflect By William Carrier.
14:33 of 2nd period - Stopped by Antti Raanta without a rebound.
14:34 of 2nd period - Mikael Backlund wins face-off versus Nico Hischier in NEW YORK Rangers zone.
14:41 of 2nd period - Shot by Bobby Ryan.
14:41 of 2nd period - Stopped by Antti Raanta with a rebound.
15:18 of 2nd period - Shot by Michael Grabner.
15:18 of 2nd period - Stopped by Cory Schneider without a rebound.
15:19 of 2nd period - Travis Zajac wins face-off versus Jeff Carter in TAMPA BAY Lightning zone.
15:20 of 2nd period - Shot by Ryan Dzingel.
15:20 of 2nd period - Shot Misses the Net.
15:32 of 2nd period - Shot by Jeff Carter.
15:32 of 2nd period - Stopped by Antti Raanta without a rebound.
15:33 of 2nd period - Alex Iafallo wins face-off versus Frans Nielsen in NEW YORK Rangers zone.
15:46 of 2nd period - Shot by Nate Thompson.
15:46 of 2nd period - Shot Misses the Net.
15:48 of 2nd period - Shot by Michael Stone.
15:48 of 2nd period - Shot Misses the Net.
15:50 of 2nd period - Shot by Nate Thompson.
15:50 of 2nd period - Shot Misses the Net.
16:04 of 2nd period - Shot by Nate Thompson.
16:04 of 2nd period - Stopped by Cory Schneider without a rebound.
16:05 of 2nd period - Leon Draisaitl wins face-off versus Jeff Carter in TAMPA BAY Lightning zone.
16:23 of 2nd period - Icing by Robert Hagg.
16:24 of 2nd period - Nico Hischier wins face-off versus Jeff Carter in TAMPA BAY Lightning zone.
16:43 of 2nd period - Shot by Nico Hischier.
16:43 of 2nd period - Stopped by Cory Schneider with a rebound.
16:45 of 2nd period - Shot by Mats Zuccarello.
16:45 of 2nd period - Shot Misses the Net.
16:47 of 2nd period - Shot by Mats Zuccarello.
16:47 of 2nd period - Shot Blocked by Luca Sbisa.
17:02 of 2nd period - Shot by Michael Grabner.
17:02 of 2nd period - Shot Misses the Net.
17:04 of 2nd period - Shot by Michael Grabner.
17:04 of 2nd period - Stopped by Cory Schneider with a rebound.
19:09 of 2nd period - Shot by Nico Hischier.
19:09 of 2nd period - Stopped by Cory Schneider without a rebound.
19:09 of 2nd period - Minor Penalty to Brandon Davidson for Holding.
19:10 of 2nd period - Jeff Carter wins face-off versus Nico Hischier in TAMPA BAY Lightning zone.
19:16 of 2nd period - Icing by Tyler Myers.
19:17 of 2nd period - Jeff Carter wins face-off versus Nico Hischier in NEW YORK Rangers zone.
19:38 of 2nd period - Shot by Tyler Myers.
19:38 of 2nd period - Stopped by Cory Schneider without a rebound.
19:39 of 2nd period - Brayden Schenn wins face-off versus Alex Iafallo in TAMPA BAY Lightning zone.
19:48 of 2nd period - Shot by Brayden Schenn.
19:48 of 2nd period - Shot Misses the Net.
19:50 of 2nd period - Shot by Michael Del Zotto.
19:50 of 2nd period - Shot Misses the Net.
19:52 of 2nd period - Shot by Leon Draisaitl.
19:52 of 2nd period - Stopped by Cory Schneider without a rebound.
19:53 of 2nd period - Brayden Schenn wins face-off versus Jeff Carter in TAMPA BAY Lightning zone.
19:56 of 2nd period - Shot by Justin Faulk.
19:56 of 2nd period - Stopped by Cory Schneider without a rebound.
19:57 of 2nd period - Jeff Carter wins face-off versus Brayden Schenn in TAMPA BAY Lightning zone.
Goals for this period are 0 for TAMPA BAY Lightning vs 2 for NEW YORK Rangers.
Shots for this period are 4 for TAMPA BAY Lightning vs 17 for NEW YORK Rangers.

3rd period


0:01 of 3rd period - Brayden Schenn wins face-off versus Jeff Carter in neutral zone.
0:20 of 3rd period - Shot by Leon Draisaitl.
0:20 of 3rd period - Shot Blocked by Brady Skjei.
0:22 of 3rd period - Shot by Tyler Myers.
0:22 of 3rd period - Stopped by Cory Schneider without a rebound.
0:23 of 3rd period - Jeff Carter wins face-off versus Nico Hischier in TAMPA BAY Lightning zone.
0:56 of 3rd period - Shot by Michael Del Zotto.
0:56 of 3rd period - Shot Misses the Net.
0:58 of 3rd period - Shot by Michael Grabner.
0:58 of 3rd period - Goal by Michael Grabner - TAMPA BAY Lightning : 1 - NEW YORK Rangers : 5.
0:59 of 3rd period - Mikael Backlund wins face-off versus Leon Draisaitl in neutral zone.
1:12 of 3rd period - Icing by Brandon Carlo.
1:13 of 3rd period - Frans Nielsen wins face-off versus Mikael Backlund in TAMPA BAY Lightning zone.
1:21 of 3rd period - Icing by Brady Skjei.
1:22 of 3rd period - Mikael Backlund wins face-off versus Leon Draisaitl in TAMPA BAY Lightning zone.
1:45 of 3rd period - Shot by Conor Sheary.
1:45 of 3rd period - Shot Misses the Net.
2:00 of 3rd period - Minor Penalty to Michael Del Zotto for Hooking.
2:01 of 3rd period - Nate Thompson wins face-off versus Jeff Carter in NEW YORK Rangers zone.
2:35 of 3rd period - Icing by Luca Sbisa.
2:36 of 3rd period - Jeff Carter wins face-off versus Nate Thompson in TAMPA BAY Lightning zone.
3:10 of 3rd period - Shot by Brandon Carlo.
3:10 of 3rd period - Stopped by Antti Raanta without a rebound.
3:11 of 3rd period - Mikael Backlund wins face-off versus Frans Nielsen in NEW YORK Rangers zone.
3:14 of 3rd period - Shot by Conor Sheary.
3:14 of 3rd period - Goal by Conor Sheary - TAMPA BAY Lightning : 2 - NEW YORK Rangers : 5.
3:15 of 3rd period - Leon Draisaitl wins face-off versus Danton Heinen in neutral zone.
3:30 of 3rd period - Shot by Michael Stone.
3:30 of 3rd period - Shot Misses the Net.
4:12 of 3rd period - Icing by David Backes.
4:13 of 3rd period - Jeff Carter wins face-off versus Mats Zuccarello in TAMPA BAY Lightning zone.
4:22 of 3rd period - Shot by Patrick Eaves.
4:22 of 3rd period - Deflect By Jeff Carter.
4:22 of 3rd period - Shot Blocked by Michael Del Zotto.
4:33 of 3rd period - Jeff Carter is hit by Michael Del Zotto and loses puck.
4:41 of 3rd period - Patrick Eaves is hit by Michael Del Zotto and loses puck.
4:48 of 3rd period - Shot by Patrick Eaves.
4:48 of 3rd period - Stopped by Antti Raanta without a rebound.
4:49 of 3rd period - Mikael Backlund wins face-off versus Travis Zajac in NEW YORK Rangers zone.
5:00 of 3rd period - Shot by Carl Soderberg.
5:00 of 3rd period - Deflect By Ryan Dzingel.
5:00 of 3rd period - Shot Misses the Net.
5:02 of 3rd period - Shot by Ryan Dzingel.
5:02 of 3rd period - Shot Misses the Net.
5:04 of 3rd period - Shot by Travis Zajac.
5:04 of 3rd period - Deflect By Carl Soderberg.
5:04 of 3rd period - Shot Misses the Net.
5:41 of 3rd period - Icing by Brandon Manning.
5:42 of 3rd period - Travis Zajac wins face-off versus Jeff Carter in NEW YORK Rangers zone.
5:53 of 3rd period - Shot by David Backes.
5:53 of 3rd period - Stopped by Antti Raanta with a rebound.
6:02 of 3rd period - Ryan Dzingel is hit by David Backes and loses puck.
6:20 of 3rd period - Patrick Eaves is hit by Michael Del Zotto and loses puck.
6:50 of 3rd period - Shot by Leon Draisaitl.
6:50 of 3rd period - Shot Blocked by Brandon Davidson.
7:26 of 3rd period - Shot by Michael Grabner.
7:26 of 3rd period - Stopped by Cory Schneider without a rebound.
7:27 of 3rd period - Cedric Paquette wins face-off versus Garnet Hathaway in TAMPA BAY Lightning zone.
7:27 of 3rd period - Cedric Paquette is hit by Garnet Hathaway.
7:50 of 3rd period - Shot by Justin Faulk.
7:50 of 3rd period - Shot Misses the Net.
7:52 of 3rd period - Shot by Justin Faulk.
7:52 of 3rd period - Shot Misses the Net.
7:54 of 3rd period - Shot by Frans Nielsen.
7:54 of 3rd period - Deflect By Nate Thompson.
7:54 of 3rd period - Goal by Nate Thompson - TAMPA BAY Lightning : 2 - NEW YORK Rangers : 6.
7:55 of 3rd period - Nico Hischier wins face-off versus David Backes in neutral zone.
8:09 of 3rd period - Shot by David Backes.
8:09 of 3rd period - Stopped by Antti Raanta without a rebound.
8:10 of 3rd period - Mikael Backlund wins face-off versus Leon Draisaitl in NEW YORK Rangers zone.
8:13 of 3rd period - Shot by Conor Sheary.
8:13 of 3rd period - Deflect By Mikael Backlund.
8:13 of 3rd period - Stopped by Antti Raanta without a rebound.
8:14 of 3rd period - Jeff Carter wins face-off versus Leon Draisaitl in NEW YORK Rangers zone.
8:18 of 3rd period - Icing by Tyler Myers.
8:19 of 3rd period - Leon Draisaitl wins face-off versus Jeff Carter in NEW YORK Rangers zone.
8:26 of 3rd period - Shot by Leon Draisaitl.
8:26 of 3rd period - Stopped by Cory Schneider with a rebound.
8:40 of 3rd period - Shot by Jeff Carter.
8:40 of 3rd period - Stopped by Antti Raanta without a rebound.
8:41 of 3rd period - Mikael Backlund wins face-off versus Nico Hischier in NEW YORK Rangers zone.
8:41 of 3rd period - Bobby Ryan is hit by Michael Stone and loses puck.
9:09 of 3rd period - Shot by Mats Zuccarello.
9:09 of 3rd period - Shot Misses the Net.
9:48 of 3rd period - Shot by Brayden Schenn.
9:48 of 3rd period - Shot Misses the Net.
10:12 of 3rd period - Shot by Leon Draisaitl.
10:12 of 3rd period - Deflect By Brayden Schenn.
10:12 of 3rd period - Shot Blocked by Brandon Carlo.
10:14 of 3rd period - Shot by Leon Draisaitl.
10:14 of 3rd period - Shot Misses the Net.
10:36 of 3rd period - Shot by Ryan Dzingel.
10:36 of 3rd period - Stopped by Cory Schneider without a rebound.
10:37 of 3rd period - Alex Iafallo wins face-off versus Frans Nielsen in TAMPA BAY Lightning zone.
11:00 of 3rd period - Shot by Garnet Hathaway.
11:00 of 3rd period - Shot Misses the Net.
11:42 of 3rd period - Shot by Mats Zuccarello.
11:42 of 3rd period - Goal by Mats Zuccarello - TAMPA BAY Lightning : 2 - NEW YORK Rangers : 7.
11:43 of 3rd period - Jeff Carter wins face-off versus Leon Draisaitl in neutral zone.
11:43 of 3rd period - Dylan DeMelo is hit by Brayden Schenn and loses puck.
12:19 of 3rd period - Shot by Leon Draisaitl.
12:19 of 3rd period - Stopped by Cory Schneider without a rebound.
12:20 of 3rd period - Cedric Paquette wins face-off versus Nico Hischier in TAMPA BAY Lightning zone.
12:27 of 3rd period - Shot by Cedric Paquette.
12:27 of 3rd period - Shot Hit the Post.
12:47 of 3rd period - Shot by Daniel Carr.
12:47 of 3rd period - Stopped by Antti Raanta without a rebound.
12:48 of 3rd period - Mikael Backlund wins face-off versus Travis Zajac in NEW YORK Rangers zone.
13:00 of 3rd period - Shot by Carl Soderberg.
13:00 of 3rd period - Shot Blocked by Bobby Ryan.
13:02 of 3rd period - Shot by Carl Soderberg.
13:02 of 3rd period - Deflect By Travis Zajac.
13:02 of 3rd period - Shot Blocked by Brandon Davidson.
13:04 of 3rd period - Shot by Travis Zajac.
13:04 of 3rd period - Shot Misses the Net.
13:10 of 3rd period - Shot by Carl Soderberg.
13:10 of 3rd period - Stopped by Cory Schneider without a rebound.
13:11 of 3rd period - Jeff Carter wins face-off versus Leon Draisaitl in TAMPA BAY Lightning zone.
13:11 of 3rd period - Jeff Carter is hit by Brayden Schenn.
13:14 of 3rd period - Minor Penalty to Brayden Schenn for Elbowing.
13:15 of 3rd period - Nate Thompson wins face-off versus Jeff Carter in NEW YORK Rangers zone.
13:15 of 3rd period - Nate Thompson is hit by David Backes.
13:25 of 3rd period - Shot by Luca Sbisa.
13:25 of 3rd period - Goal by Luca Sbisa - TAMPA BAY Lightning : 3 - NEW YORK Rangers : 7.
13:26 of 3rd period - Alex Iafallo wins face-off versus Leon Draisaitl in neutral zone.
13:29 of 3rd period - Michael Del Zotto is hit by John Hayden.
13:40 of 3rd period - Icing by Josh Bailey.
13:41 of 3rd period - Leon Draisaitl wins face-off versus Jeff Carter in NEW YORK Rangers zone.
14:21 of 3rd period - Shot by Josh Bailey.
14:21 of 3rd period - Stopped by Cory Schneider without a rebound.
14:22 of 3rd period - Conor Sheary wins face-off versus Nico Hischier in TAMPA BAY Lightning zone.
14:34 of 3rd period - Icing by Michael Stone.
14:35 of 3rd period - Nico Hischier wins face-off versus Alex Iafallo in NEW YORK Rangers zone.
15:10 of 3rd period - Icing by Brandon Davidson.
15:11 of 3rd period - Leon Draisaitl wins face-off versus Alex Iafallo in TAMPA BAY Lightning zone.
15:33 of 3rd period - Icing by Tyler Myers.
15:34 of 3rd period - Josh Bailey wins face-off versus Jeff Carter in NEW YORK Rangers zone.
15:40 of 3rd period - Brayden Schenn is hit by Robert Hagg and loses puck.
15:49 of 3rd period - Shot by Josh Bailey.
15:49 of 3rd period - Shot Misses the Net.
16:04 of 3rd period - Josh Bailey is hit by Robert Hagg and loses puck.
16:18 of 3rd period - Minor Penalty to Robert Hagg for Hooking.
16:19 of 3rd period - Nico Hischier wins face-off versus Jeff Carter in TAMPA BAY Lightning zone.
16:30 of 3rd period - Shot by Michael Grabner.
16:30 of 3rd period - Shot Misses the Net.
16:32 of 3rd period - Shot by Tyler Myers.
16:32 of 3rd period - Shot Misses the Net.
16:34 of 3rd period - Shot by Tyler Myers.
16:34 of 3rd period - Shot Misses the Net.
16:47 of 3rd period - Icing by Justin Faulk.
16:48 of 3rd period - Nico Hischier wins face-off versus Alex Iafallo in NEW YORK Rangers zone.
16:57 of 3rd period - Shot by Michael Grabner.
16:57 of 3rd period - Stopped by Cory Schneider with a rebound.
16:59 of 3rd period - Shot by Justin Faulk.
16:59 of 3rd period - Shot Blocked by Luca Sbisa.
17:01 of 3rd period - Shot by Tyler Myers.
17:01 of 3rd period - Stopped by Cory Schneider without a rebound.
17:02 of 3rd period - Brayden Schenn wins face-off versus Jeff Carter in TAMPA BAY Lightning zone.
17:44 of 3rd period - Shot by Ryan Dzingel.
17:44 of 3rd period - Stopped by Cory Schneider without a rebound.
17:45 of 3rd period - Alex Iafallo wins face-off versus Nico Hischier in TAMPA BAY Lightning zone.
18:19 of 3rd period - Off-side.
18:20 of 3rd period - Mikael Backlund wins face-off versus Frans Nielsen in neutral zone.
18:20 of 3rd period - Mikael Backlund is hit by Nate Thompson.
19:54 of 3rd period - Shot by Nico Hischier.
19:54 of 3rd period - Shot Misses the Net.
19:56 of 3rd period - Shot by Michael Grabner.
19:56 of 3rd period - Shot Blocked by Luca Sbisa.
Goals for this period are 2 for TAMPA BAY Lightning vs 3 for NEW YORK Rangers.
Shots for this period are 9 for TAMPA BAY Lightning vs 13 for NEW YORK Rangers.